 Dungeon Crawl Stone Soup version 0.28-a0-1555-g9ae15a6949 (webtiles) character file.

Game seed: 17092785635490364336

48 parzival7114810 the Skirmisher (level 3, -6/33 HPs)
             Began as a Hill Orc Fighter on Jan 18, 2022.
             Mangled by Sigmund (8 damage)
             ... on level 2 of the Dungeon.
             The game lasted 00:04:08 (2403 turns).

parzival7114810 the Skirmisher (Hill Orc Fighter)   Turns: 2403, Time: 00:04:08

Health: -6/33      AC:  9    Str: 20    XL:     3   Next: 72%
Magic:  3/3        EV:  9    Int:  8    God:
Gold:   86         SH:  4    Dex: 10    Spells: 2/2 levels left

rFire   + . .      SeeInvis .   a - +0 war axe
rCold   . . .      Faith    .   c - +0 buckler
rNeg    . . .      Spirit   .   b - +0 scale mail
rPois   .          Reflect  .   (no helmet)
rElec   .          Harm     .   e - +1 cloak
rCorr   .          Rampage  .   (no gloves)
Will    .....                   (no boots)
Stlth   ..........              (no amulet)
HPRegen 0.11/turn               f - ring of protection from fire
MPRegen 0.08/turn               (no ring)

@: lethally poisoned (-6 -> -9)
A: no striking features
a: no special abilities


You were on level 2 of the Dungeon.
You visited 1 branch of the dungeon, and saw 2 of its levels.

You collected 86 gold pieces.

Inventory:

Hand Weapons
 a - a +0 war axe (weapon)
Armour
 b - a +0 scale mail (worn)
 c - a +0 buckler (worn)
 e - a +1 cloak (worn)
Jewellery
 f - a ring of protection from fire (left hand)
Scrolls
 h - a scroll of teleportation
Potions
 d - a potion of might


   Skills:
 + Level 4.0 Fighting
 + Level 3.8 Axes
 + Level 3.5 Armour
 + Level 0.1 Dodging
 + Level 0.2 Stealth
 + Level 3.8 Shields


You had 2 spell levels left.
You didn't know any spells.
Your spell library was empty.

Dungeon Overview and Level Annotations

Branches:
Dungeon (2/15)

Altars:

Shops:
D:1 !

Annotations:
D:2 1 runed translucent door, Crazy Yiuf, Sigmund


Message History

The adder bites you. The adder bites you but does no damage.
Sigmund hits you from afar with a +0 scythe.
You barely miss the adder.
The adder is lightly wounded.
The adder bites you but does no damage. Sigmund barely misses you.
The adder closely misses you.
You closely miss the adder.
The adder is lightly wounded.
The adder bites you but does no damage.
Sigmund gestures wildly while chanting.
Sigmund flickers and vanishes!
Deactivating autopickup; reactivate with Ctrl-A.
The adder bites you but does no damage.
You miss the adder.
The adder is lightly wounded.
The adder bites you but does no damage. Something hits you!
Unknown command.
You hit the adder.
The adder is moderately wounded.
The adder bites you but does no damage. You block the adder's attack.
Something hits you.
You barely miss the adder.
The adder is moderately wounded.
The adder barely misses you. Something hits you!
* * * LOW HITPOINT WARNING * * *
The adder closely misses you.
Unknown command.
You closely miss the adder.
The adder is moderately wounded.
The adder bites you.
* * * LOW HITPOINT WARNING * * *
You are lethally poisoned!
The adder poisons you! Something hits you but does no damage.
The adder bites you.
* * * LOW HITPOINT WARNING * * *
You barely miss the adder.
The adder is moderately wounded.
* * * LOW HITPOINT WARNING * * *
You feel sick. You block the adder's attack. Something hits you!
You die...

### #.<..# .... #....#
.....#....#
.....#....# ........#
#.....# ####+#{###
#....S...# ##
#....@...# ..
#.......†########## #.
####.#............###.
#.######.........#.
.........#####.#.#.
#.........#.....#.#.
#...........######..
######+#....#### ##.
####+#.......# ♣..


You could see an adder.

Vanquished Creatures
  A worm (D:2)
  3 ball pythons
  4 endoplasms
  A giant cockroach (D:1)
  A goblin (D:1)
  6 hobgoblins
  2 jackals (D:1)
  2 quokkas (D:1)
  4 bats
  5 frilled lizards
  7 kobolds (D:1)
  4 rats
40 creatures vanquished.

Notes
Turn   | Place    | Note
-------+----------+-------------------------------------------
     0 | D:1      | parzival7114810 the Hill Orc Fighter began the quest for
                  | the Orb.
     0 | D:1      | Reached XP level 1. HP: 19/19 MP: 1/1
   670 | D:1      | Reached XP level 2. HP: 27/27 MP: 2/2
   681 | D:1      | Found Nogec's Distillery.
  1395 | D:1      | Found a faded altar of an unknown god.
  1422 | D:1      | Reached XP level 3. HP: 33/33 MP: 3/3
  2185 | D:2      | Found a runed translucent door.
  2186 | D:2      | Noticed Crazy Yiuf
  2247 | D:2      | Reached skill level 4 in Fighting
  2389 | D:2      | Noticed Sigmund
  2403 | D:2      | Mangled by Sigmund

Illustrated notes

Levels and vault maps discovered:
D:1:      erik_arrival_cave_to_civilisation [erik_arrival_cave_to_hall],
          layout_basic, ebering_ecumenical_altar_mist, serial_shops, shop,
          minmay_misc_feat_chi, minmay_distorted
D:2:      layout_basic, uniq_crazy_yiuf_cottage, uniq_sigmund

Skill      XL: |  1  2  3 |
---------------+----------+-----
Axes           | 3 |  3.8
Fighting       | 4 |  4.0
Armour         | |  3.5
Dodging        | |  0.1
Stealth        | |  0.2
Shields        | |  3.8

Action                   || total
-------------------------++-------
Melee: War axe           ||    91
  Use: Scroll            ||     5
       Potion            ||     5
Armor: Scale mail        ||    71
Dodge: Dodged            ||    80
Block: Buckler           ||    26

Table legend: (Time is in decaauts)
 A = Elapsed time spent in this place.
 B = Non-inter-level travel time spent in this place.
 C = Inter-level travel time spent in this place.
 D = Time resting spent in this place.
 E = Time spent auto-exploring this place.
 F = Levels seen in this place.
 G = Mean time per level.
                   A        B        C        D        E       F      G
               +--------+--------+--------+--------+--------+-----+--------+
         Total |   2442 |   2424 |     18 |   1192 |    734 |   2 | 1221.0 |
       Dungeon |   2442 |   2424 |     18 |   1192 |    734 |   2 | 1221.0 |
               +--------+--------+--------+--------+--------+-----+--------+

Top non-repeatable levels by time:
     D:1: 2038 daAuts
     D:2: 403 daAuts
